 Dungeon Crawl Stone Soup version 0.17-a0-1617-gfba1302 (webtiles) character file.

153 thrall606 the Skirmisher (level 5, -3/42 HPs)
             Began as a Demonspawn Abyssal Knight on Aug 1, 2015.
             Was a Priest of Lugonu.
             Slain by an iguana (7 damage)
             ... on level 4 of the Dungeon.
             The game lasted 00:19:14 (3598 turns).

thrall606 the Skirmisher (DsAK)                     Turns: 3598, Time: 00:19:14

Health: -3/42      AC: 12    Str: 13      XL:     5   Next: 12%
Magic:  7/7        EV:  6    Int: 15      God:    Lugonu [***...]
Gold:   271        SH:  0    Dex: 12 (13) Spells: 1 memorised, 1 level left

rFire  + . .     SeeInvis .     e - +0 hammer
rCold  + . .     Clarity  .     t - +0 plate armour
rNeg   . . .     SustAt   .     (no shield)
rPois  .         Gourm    .     (helmet restricted)
rElec  .         Spirit   .     v - +0 cloak
rCorr  .         Warding  .     (no gloves)
rMut   .         Stasis   .     (no boots)
MR     .....                    (no amulet)
Stlth  ..........               i - ring of protection from fire
                                h - +2 ring of evasion

@: not resistant to hostile enchantments, extremely unstealthy
A: horns 1, clever 1, cold resistance 1, demonic guardian 1
a: Depart the Abyss, Bend Space, Banish, Renounce Religion


You were on level 4 of the Dungeon.
You worshipped Lugonu.
Lugonu was most pleased with you.
You were hungry.

You visited 1 branch of the dungeon, and saw 4 of its levels.
You visited the Abyss 1 time.

You collected 271 gold pieces.

Inventory:

Hand weapons
 a - a +1 hand axe
 e - a +0 hammer (weapon)
 u - a +0 hammer
Armour
 b - a +0 leather armour
 l - a +0 leather armour
 o - a +0 ring mail
 q - a +0 scale mail
 t - a +0 plate armour (worn)
 v - a +0 cloak (worn)
Jewellery
 h - a +2 ring of evasion (left hand)
 i - a ring of protection from fire (right hand)
 m - a cursed ring of loudness
Scrolls
 j - a scroll of teleportation
 p - a scroll of identify
 s - a scroll of fear
Potions
 d - a potion of curing
 g - 2 potions of agility
 n - a potion of invisibility
 w - a potion of berserk rage
Books
 x - a book of Summonings

   Spells                             Type                      Level
   a - Recall                         Summoning/Translocation      3
   b - Aura of Abjuration             Summoning                    5
   c - Shadow Creatures               Summoning                    5
   d - Summon Demon                   Summoning                    5
   e - Summon Forest                  Summoning/Translocation      5
   f - Summon Mana Viper              Hexes/Summoning              5
Comestibles
 c - 2 bread rations
 f - 5 fruits
 k - a meat ration
 r - a beef jerky


   Skills:
 + Level 3.7 Fighting
 + Level 2.6(2.7) Axes
 + Level 0.5(1.7) Maces & Flails
 + Level 2.8 Armour
 + Level 2.0 Dodging
 + Level 0.4 Stealth
 + Level 3.2 Invocations


You had one spell level left.
You knew the following spells:

 Your Spells              Type           Power        Failure   Level  Hunger
a - Recall                Summ/Tloc      N/A          100%        3    ####...


Dungeon Overview and Level Annotations

Branches:
Dungeon (4/15)
 Temple: D:4-7

Altars:


Innate Abilities, Weirdness & Mutations

You have a pair of small horns on your head.
Your flesh is cold resistant.
A weak demonic guardian rushes to your aid.
Your mind is acute. (Int +2)


Message History

You hit the iguana but do no damage. Your headbutt misses the iguana.
The iguana is severely wounded.
The iguana bites you!
You hit the iguana.
The iguana is almost dead.
The iguana bites you!
You barely miss the iguana.
The iguana is almost dead.
The iguana barely misses you.
You closely miss the iguana.
The iguana is almost dead.
The iguana bites you!
* * * LOW HITPOINT WARNING * * *
Drink which item? (? for menu, Esc to quit)
Okay, then.
You hit the iguana but do no damage.
The iguana is almost dead.
The iguana bites you but does no damage.
The iguana bites you!
You die...

..# ..# ..#
..# ..# ..#
#.########.#
#.....l@5<.#
############


You could see an iguana and a friendly ufetubus.

Vanquished Creatures
  2 adders (D:2)
  2 oozes
  2 worms (D:3)
  3 giant geckos
  5 orcs (D:3)
  A ball python (D:3)
  8 bats
  A giant cockroach (D:2)
  12 goblins
  11 hobgoblins
  A jackal (D:1)
  A quokka (D:3)
  A giant gecko zombie (D:3)
  5 giant newts
  9 kobolds
  A quokka skeleton (D:3)
  8 rats
  A fungus (D:3)
74 creatures vanquished.

Vanquished Creatures (collateral kills)
  A centaur skeleton (D:3)
  2 adders (D:2)
  A goblin (D:3)
4 creatures vanquished.

Grand Total: 78 creatures vanquished

Notes
Turn   | Place    | Note
--------------------------------------------------------------
     0 | Abyss:1  | thrall606 the Demonspawn Abyssal Knight began the quest for the Orb.
     0 | Abyss:1  | Reached XP level 1. HP: 18/18 MP: 2/2
     2 | D:1      | Escaped the Abyss
   193 | D:1      | Reached skill level 1 in Dodging
   197 | D:1      | Acquired Lugonu's first power
   286 | D:1      | Gained mutation: A weak demonic guardian rushes to your aid. [demonic ancestry]
   286 | D:1      | Reached XP level 2. HP: 16/24 MP: 3/3
  1229 | D:2      | Gained mutation: You have a pair of small horns on your head. [demonic ancestry]
  1229 | D:2      | Reached XP level 3. HP: 29/29 MP: 5/5
  1644 | D:2      | Acquired Lugonu's second power
  1974 | D:2      | Reached XP level 4. HP: 20/35 MP: 6/6
  2258 | D:2      | Gained mutation: Scrolls take you a little longer to read. [potion of mutation]
  2258 | D:2      | Lost mutation: Scrolls take you a little longer to read. [potion of mutation]
  2258 | D:2      | Gained mutation: Your mind is acute. (Int +2) [potion of mutation]
  3217 | D:3      | Gained mutation: Your flesh is cold resistant. [demonic ancestry]
  3217 | D:3      | Reached XP level 5. HP: 42/42 MP: 7/7
  3243 | D:3      | Acquired Lugonu's third power
  3435 | D:3      | Learned a level 3 spell: Recall
  3598 | D:4      | Slain by an iguana

Vault maps used:
D:1:      minmay_arrival_diagonal_passages, nrook_loot_triangle,
          serial_bayou_pond_b, minmay_misc_feat_hallway,
          kennysheep_decorative_pillar, minmay_misc_feat_plants
D:2:      first_bread, uniq_crazy_yiuf_cottage
D:3:      minmay_gold_behind_fungi

Action                   |  1- 3 |  4- 6 || total
-------------------------+-------+-------++-------
Melee: Hand axe          |    96 |       ||    96
       Hammer            |       |   173 ||   173
Invok: Depart the Abyss  |     1 |       ||     1
  Use: Potion            |     6 |     2 ||     8
       Scroll            |     6 |     2 ||     8
  Eat: Bread ration      |     1 |       ||     1
       Chunk             |       |     5 ||     5
